[Event "45th FIDE Womens Olympiad 2024"]
[Site "Budapest"]
[Date "2024.09.12"]
[Round "2.210"]
[White "Besrat Mesgena Yoseph"]
[Black "Likando, Namakau"]
[Result "0-1"]
[ECO "B13"]
[WhiteElo "1557"]
[BlackElo "1746"]
[Annotator "NA"]
[PlyCount "74"]
[EventDate "2024.09.05"]
[EventType "team-tourn"]
[EventCountry "HUN"]
[SourceTitle "playchess.com"]
[Source "ChessBase"]
[SourceQuality "1"]
[WhiteTeam "Eritrea"]
[BlackTeam "Zambia"]
[WhiteTeamCountry "ERI"]
[BlackTeamCountry "ZAM"]
[TimeControl "40/5400+30:1800+30"]

1. e4 c6 2. Nc3 d5 3. exd5 cxd5 4. d4 Nf6 5. Nf3 Bg4 6. Be2 e6 7. O-O Be7 8. h3 Bxf3 9. Bxf3 O-O 10. Bf4 Nc6 11. a3 Qb6 12. Rb1 Nxd4 13. Be3 Nxf3+ 14. Qxf3 d4 15. Bf4 dxc3 16. bxc3 Qc6 17. Qg3 Nh5 18. Qg4 Nxf4 19. Qxf4 Bxa3 20. Rfd1 Rad8 21. Rd3 b6 22. Rbd1 Rxd3 23. Rxd3 h6 24. Rg3 Bd6 25. Qh4 Bxg3 26. Qxg3 Rc8 27. Qh4 Qxc3 28. Qe7 Qxc2 29. Qxa7 Qc1+ 30. Kh2 Qc7+ 31. Qxc7 Rxc7 32. Kg3 b5 33. Kh4 b4 34. f4 b3 35. g4 b2 36. Kh5 b1=Q 37. h4 Qg6# 0-1

[Event "45th FIDE Womens Olympiad 2024"]
[Site "Budapest"]
[Date "2024.09.12"]
[Round "2.211"]
[White "Mbatha, Constance"]
[Black "Elshalom Essayas Berhane"]
[Result "1-0"]
[ECO "E32"]
[WhiteElo "1799"]
[BlackElo "1659"]
[Annotator "NA"]
[PlyCount "109"]
[EventDate "2024.09.05"]
[EventType "team-tourn"]
[EventCountry "HUN"]
[SourceTitle "playchess.com"]
[Source "ChessBase"]
[SourceQuality "1"]
[WhiteTeam "Zambia"]
[BlackTeam "Eritrea"]
[WhiteTeamCountry "ZAM"]
[BlackTeamCountry "ERI"]
[TimeControl "40/5400+30:1800+30"]

1. d4 e6 2. c4 Nf6 3. Nc3 Bb4 4. Qc2 b6 5. Bd2 Bb7 6. f3 Nc6 7. e3 Bxc3 8. Bxc3 O-O 9. Bd3 d5 10. Ne2 dxc4 11. Bxc4 Nd5 12. Bxd5 exd5 13. O-O Re8 14. Bd2 Ne7 15. Ng3 Ng6 16. Rae1 Rc8 17. Bc3 c5 18. Qd1 Rc7 19. dxc5 Rxc5 20. Qd4 f6 21. Rd1 Qc7 22. Rfe1 Ne5 23. e4 dxe4 24. Nxe4 Rd5 25. Qa4 Bc6 26. Qb3 Qd7 27. Nf2 Kh8 28. Rxd5 Bxd5 29. Qd1 Qc6 30. Bxe5 fxe5 31. a3 h6 32. h3 Bf7 33. Ng4 e4 34. fxe4 Rxe4 35. Rxe4 Qxe4 36. Qd2 Qd5 37. Qxd5 Bxd5 38. Kf2 Kg8 39. Ne3 Be6 40. Kg3 Kf7 41. Kf4 Kf6 42. g4 b5 43. h4 g5+ 44. hxg5+ hxg5+ 45. Ke4 Bd7 46. b4 Bc6+ 47. Kd4 a6 48. Nd5+ Ke6 49. Nc7+ Kd6 50. Nxa6 Bd7 51. Nc5 Bxg4 52. Ne4+ Kc6 53. Nxg5 Be2 54. Nf7 Bc4 55. Ne5+ 1-0

[Event "45th FIDE Womens Olympiad 2024"]
[Site "Budapest"]
[Date "2024.09.12"]
[Round "2.213"]
[White "Charinda, Kudzanayi"]
[Black "Andhin, Chethanah"]
[Result "1-0"]
[ECO "B06"]
[WhiteElo "1854"]
[BlackElo "1607"]
[Annotator "NA"]
[PlyCount "65"]
[EventDate "2024.09.05"]
[EventType "team-tourn"]
[EventCountry "HUN"]
[SourceTitle "playchess.com"]
[Source "ChessBase"]
[SourceQuality "1"]
[WhiteTeam "Zimbabwe"]
[BlackTeam "Mauritius"]
[WhiteTeamCountry "ZIM"]
[BlackTeamCountry "MRI"]
[TimeControl "40/5400+30:1800+30"]

1. e4 g6 2. d4 Bg7 3. Nf3 d6 4. c3 a6 5. Bd3 Nd7 6. Be3 b5 7. Nbd2 Bb7 8. Qb3 Ngf6 9. O-O O-O 10. c4 c6 11. Rad1 Rc8 12. h3 Ba8 13. e5 dxe5 14. dxe5 Ne8 15. e6 Ne5 16. Nxe5 Bxe5 17. Nf3 Qc7 18. exf7+ Rxf7 19. cxb5 axb5 20. Ng5 Nd6 21. Nxf7 Nxf7 22. f4 Bf6 23. Be4 Kf8 24. Bc5 Rd8 25. Rxd8+ Qxd8 26. Qe6 Bd4+ 27. Bxd4 Qxd4+ 28. Kh1 Nd6 29. Re1 Bb7 30. Bxg6 hxg6 31. Qxe7+ Kg8 32. Qd8+ Kg7 33. Re7+ 1-0

[Event "45th FIDE Womens Olympiad 2024"]
[Site "Budapest"]
[Date "2024.09.12"]
[Round "2.214"]
[White "Acham, Meritza"]
[Black "Makwena, Christine"]
[Result "0-1"]
[ECO "E94"]
[WhiteElo "1667"]
[BlackElo "1860"]
[Annotator "NA"]
[PlyCount "98"]
[EventDate "2024.09.05"]
[EventType "team-tourn"]
[EventCountry "HUN"]
[SourceTitle "playchess.com"]
[Source "ChessBase"]
[SourceQuality "1"]
[WhiteTeam "Mauritius"]
[BlackTeam "Zimbabwe"]
[WhiteTeamCountry "MRI"]
[BlackTeamCountry "ZIM"]
[TimeControl "40/5400+30:1800+30"]

1. d4 Nf6 2. c4 g6 3. Nc3 Bg7 4. e4 d6 5. Nf3 O-O 6. Be2 e5 7. O-O exd4 8. Nxd4 Re8 9. f3 Nbd7 10. Qd2 Ne5 11. b3 c6 12. Rd1 Qc7 13. Ba3 Bf8 14. Nc2 Re6 15. Ne3 Qb6 16. Na4 Qc7 17. Rac1 Ned7 18. Rc3 Ne8 19. Rd3 Ne5 20. Rd4 Bh6 21. Kh1 c5 22. Rd5 Nc6 23. Qc3 Nd4 24. Ng4 Bg7 25. Qd2 h5 26. Nf2 Qe7 27. Bb2 Nc7 28. Bxd4 Bxd4 29. Nd3 Nxd5 30. cxd5 Rf6 31. Qg5 Bd7 32. Nab2 b5 33. Nf4 Qe5 34. Qxe5 dxe5 35. Nfd3 Rb6 36. Rc1 Rc8 37. Nd1 c4 38. Nb4 a5 39. Nc2 cxb3 40. axb3 Rb7 41. Bd3 Rbc7 42. Rb1 Rxc2 43. Bxc2 Rxc2 44. h3 Kg7 45. Kh2 h4 46. Kh1 Kf6 47. Kh2 Kg5 48. b4 a4 49. d6 a3 0-1

[Event "45th FIDE Womens Olympiad 2024"]
[Site "Budapest"]
[Date "2024.09.12"]
[Round "2.217"]
[White "Nomcebo, Sibisi"]
[Black "Sakai, Azumi"]
[Result "0-1"]
[ECO "D02"]
[WhiteElo "1570"]
[BlackElo "1871"]
[Annotator "NA"]
[PlyCount "118"]
[EventDate "2024.09.05"]
[EventType "team-tourn"]
[EventCountry "HUN"]
[SourceTitle "playchess.com"]
[Source "ChessBase"]
[SourceQuality "1"]
[WhiteTeam "Eswatini"]
[BlackTeam "Japan"]
[BlackTeamCountry "JPN"]
[TimeControl "40/5400+30:1800+30"]

1. d4 d5 2. Nf3 Nf6 3. g3 e6 4. Bg2 Bd6 5. O-O O-O 6. b3 c6 7. Ne5 Nbd7 8. Bb2 Qc7 9. Nxd7 Bxd7 10. Nd2 Rac8 11. Rc1 Rfe8 12. Nf3 Ne4 13. c4 f5 14. Ne5 Rf8 15. cxd5 exd5 16. Nxd7 Qxd7 17. e3 Rce8 18. a3 g5 19. b4 Re6 20. Rc2 Rh6 21. Bxe4 fxe4 22. f3 Rhf6 23. Rcf2 Qf7 24. Kg2 Qh5 25. f4 g4 26. Rh1 Qh3+ 27. Kg1 Rg6 28. Bc3 Qh6 29. Bd2 Rf5 30. Qa4 Bb8 31. b5 Qf8 32. Bb4 Qe8 33. bxc6 Rxc6 34. Rc2 Rff6 35. Kg2 Rxc2+ 36. Qxc2 Rc6 37. Qb3 Rc4 38. Rf1 Qb5 39. Qd1 h5 40. h3 Qd7 41. hxg4 Qxg4 42. Qxg4+ hxg4 43. Rd1 Kf7 44. Kf2 Bc7 45. Ke2 b6 46. Kd2 a5 47. Bc3 Bd6 48. Rb1 Rc6 49. a4 Bc7 50. Kc2 Rh6 51. Rg1 Rh2+ 52. Kb3 Re2 53. Rh1 Bd8 54. Rh4 Bxh4 55. gxh4 g3 56. h5 g2 57. h6 g1=Q 58. h7 Qb1+ 59. Ka3 Qa2# 0-1

[Event "45th FIDE Womens Olympiad 2024"]
[Site "Budapest"]
[Date "2024.09.12"]
[Round "2.218"]
[White "Shibata, Misaki"]
[Black "Dlamini Sincobile"]
[Result "1-0"]
[ECO "E20"]
[WhiteElo "1847"]
[BlackElo "1572"]
[Annotator "NA"]
[PlyCount "81"]
[EventDate "2024.09.05"]
[EventType "team-tourn"]
[EventCountry "HUN"]
[SourceTitle "playchess.com"]
[Source "ChessBase"]
[SourceQuality "1"]
[WhiteTeam "Japan"]
[BlackTeam "Eswatini"]
[WhiteTeamCountry "JPN"]
[TimeControl "40/5400+30:1800+30"]

1. d4 Nf6 2. c4 e6 3. Nc3 g6 4. e4 d6 5. Bd3 Bg7 6. Nge2 Nbd7 7. O-O O-O 8. f3 b6 9. b4 c5 10. Qb3 Qc7 11. Be3 cxb4 12. Qxb4 a5 13. Qb3 Ba6 14. Rac1 d5 15. exd5 exd5 16. Nxd5 Nxd5 17. cxd5 Qb7 18. Rc6 Rfe8 19. Bxa6 Qxa6 20. Ng3 a4 21. Qc3 Qb5 22. Bf2 Qxd5 23. a3 Bf8 24. Rc1 b5 25. Ne4 f5 26. Nd2 Re2 27. Nb1 Qa2 28. Bg3 Rxg2+ 29. Kh1 Re8 30. Rc2 Rxc2 31. Qxc2 Qxc2 32. Rxc2 Re3 33. Kg2 Rb3 34. Rc7 Rxb1 35. Rxd7 Rb2+ 36. Kh3 Bxa3 37. d5 Rb1 38. Rb7 Bc5 39. d6 Rd1 40. d7 Kf7 41. d8=Q+ 1-0

[Event "45th FIDE Womens Olympiad 2024"]
[Site "Budapest"]
[Date "2024.09.12"]
[Round "2.219"]
[White "Nosimilo, Mkhonto"]
[Black "Kinoshita, Kanako"]
[Result "1/2-1/2"]
[ECO "C41"]
[WhiteElo "1561"]
[BlackElo "1822"]
[Annotator "NA"]
[PlyCount "122"]
[EventDate "2024.09.05"]
[EventType "team-tourn"]
[EventCountry "HUN"]
[SourceTitle "playchess.com"]
[Source "ChessBase"]
[SourceQuality "1"]
[WhiteTeam "Eswatini"]
[BlackTeam "Japan"]
[BlackTeamCountry "JPN"]
[TimeControl "40/5400+30:1800+30"]

1. e4 d6 2. Nf3 e5 3. Bc4 Nf6 4. d3 h6 5. c3 c6 6. Bb3 Nbd7 7. Nbd2 Be7 8. O-O g5 9. d4 Qc7 10. Re1 Nf8 11. dxe5 dxe5 12. Nf1 Be6 13. Ng3 Ng6 14. Nf5 Rd8 15. Qc2 Nh5 16. g4 Nhf4 17. Bxf4 Nxf4 18. Ng7+ Kf8 19. Nxe6+ fxe6 20. Rad1 Kf7 21. Rxd8 Rxd8 22. Kf1 Rd3 23. Re3 Rd8 24. Re1 Kf6 25. Nd2 Bc5 26. Nc4 b5 27. Ne3 a5 28. a4 Qb6 29. axb5 cxb5 30. Ba2 Qb7 31. Rd1 Qb6 32. Rxd8 Qxd8 33. Qd1 Qxd1+ 34. Nxd1 Ke7 35. Bb1 Kd6 36. b3 Kc6 37. Nb2 Bd6 38. Nd3 Ng6 39. Ba2 Be7 40. b4 axb4 41. cxb4 Kd7 42. Ke2 Nf4+ 43. Nxf4 exf4 44. f3 Bxb4 45. h3 Kd6 46. Kd3 e5 47. Bb3 Kc5 48. Bc2 Ba5 49. Bb3 Kb4 50. Kc2 Bb6 51. Bd5 Bd4 52. Bb3 Bf2 53. Bd5 Kc5 54. Kd3 Kb4 55. Kc2 Ka3 56. Bb3 Kb4 57. Bd5 Be1 58. Bb3 Kc5 59. Kd3 b4 60. Bd5 Kb5 61. Bb3 Kc5 1/2-1/2

[Event "45th FIDE Womens Olympiad 2024"]
[Site "Budapest"]
[Date "2024.09.12"]
[Round "2.222"]
[White "Pourier, Dianthely"]
[Black "Rivera Negron, Yanira"]
[Result "0-1"]
[ECO "D13"]
[WhiteElo "1548"]
[BlackElo "1805"]
[Annotator "NA"]
[PlyCount "104"]
[EventDate "2024.09.05"]
[EventType "team-tourn"]
[EventCountry "HUN"]
[SourceTitle "playchess.com"]
[Source "ChessBase"]
[SourceQuality "1"]
[WhiteTeam "Netherlands Antilles"]
[BlackTeam "Puerto Rico"]
[WhiteTeamCountry "AHO"]
[BlackTeamCountry "PUR"]
[TimeControl "40/5400+30:1800+30"]

1. d4 d5 2. Bf4 Nf6 3. Nf3 c5 4. c3 cxd4 5. cxd4 Qb6 6. Qb3 Qxb3 7. axb3 Nc6 8. e3 e6 9. Bd3 Nb4 10. Bb5+ Bd7 11. Bxd7+ Nxd7 12. O-O a6 13. Nbd2 Nd3 14. Rab1 Nxf4 15. exf4 Bd6 16. g3 O-O 17. Ne5 Nxe5 18. fxe5 Bb4 19. Rfd1 Rfc8 20. Nf3 Rc2 21. Ne1 Bxe1 22. Rxe1 Rac8 23. Red1 h6 24. Kg2 Re2 25. Re1 Rd2 26. Rbc1 Rxc1 27. Rxc1 Rxd4 28. Rc8+ Kh7 29. Rc7 Rb4 30. Rxf7 Rxb3 31. Re7 Rb6 32. f4 Kg8 33. Rd7 Rxb2+ 34. Kf3 Rb6 35. f5 exf5 36. Rxd5 g5 37. Rd8+ Kf7 38. Rd7+ Ke6 39. Rd8 Kxe5 40. Ke3 Rd6 41. Re8+ Re6 42. Rd8 b5 43. Rd3 Rc6 44. Kd2 Rd6 45. Ke2 Rxd3 46. Kxd3 a5 47. Ke3 a4 48. Kd2 b4 49. Kc2 a3 50. Kb1 b3 51. Kc1 a2 52. Kb2 f4 0-1

[Event "45th FIDE Womens Olympiad 2024"]
[Site "Budapest"]
[Date "2024.09.12"]
[Round "2.223"]
[White "Vega Jimenez, Keyshla M."]
[Black "Pieter, Liana"]
[Result "1-0"]
[ECO "B13"]
[WhiteElo "1769"]
[BlackElo "1619"]
[Annotator "NA"]
[PlyCount "87"]
[EventDate "2024.09.05"]
[EventType "team-tourn"]
[EventCountry "HUN"]
[SourceTitle "playchess.com"]
[Source "ChessBase"]
[SourceQuality "1"]
[WhiteTeam "Puerto Rico"]
[BlackTeam "Netherlands Antilles"]
[WhiteTeamCountry "PUR"]
[BlackTeamCountry "AHO"]
[TimeControl "40/5400+30:1800+30"]

1. e4 c6 2. d4 d5 3. exd5 cxd5 4. Bd3 Nf6 5. c3 Nc6 6. Bf4 Bg4 7. Qb3 Na5 8. Qa4+ Bd7 9. Qc2 g6 10. Nf3 Bg7 11. Ne5 Rc8 12. Qe2 a6 13. Nxd7 Nxd7 14. Nd2 O-O 15. O-O Re8 16. Nf3 Nc6 17. Ne5 f6 18. Ng4 e5 19. dxe5 fxe5 20. Nh6+ Kf8 21. Bd2 Bf6 22. Qg4 e4 23. Bc2 Kg7 24. Nf5+ Kh8 25. Nh6 Nde5 26. Qh3 Qe7 27. Rad1 Nc4 28. Bc1 Rcd8 29. Rfe1 Bg5 30. Bxg5 Qe6 31. Qxe6 Rxe6 32. Nf7+ Kg7 33. Nxd8 Nxd8 34. Bxd8 Rd6 35. Bg5 b5 36. b3 Na5 37. Bxe4 h6 38. Bf4 Rd8 39. Bc7 Re8 40. Bxd5 Rxe1+ 41. Rxe1 Nxb3 42. axb3 Kh7 43. Re7+ Kh8 44. Be5# 1-0

[Event "45th FIDE Womens Olympiad 2024"]
[Site "Budapest"]
[Date "2024.09.12"]
[Round "2.225"]
[White "Sawan, Eman"]
[Black "Callender, Jessica"]
[Result "1-0"]
[ECO "B41"]
[WhiteElo "1972"]
[BlackElo "1579"]
[Annotator "NA"]
[PlyCount "63"]
[EventDate "2024.09.05"]
[EventType "team-tourn"]
[EventCountry "HUN"]
[SourceTitle "playchess.com"]
[Source "ChessBase"]
[SourceQuality "1"]
[WhiteTeam "Palestine"]
[BlackTeam "Guyana"]
[WhiteTeamCountry "PLE"]
[BlackTeamCountry "GUY"]
[TimeControl "40/5400+30:1800+30"]

1. e4 c5 2. Nf3 e6 3. d4 cxd4 4. Nxd4 a6 5. c4 e5 6. Nb3 Qc7 7. Nc3 Nf6 8. Bd3 Nc6 9. O-O Be7 10. Be3 d6 11. Rc1 Qd8 12. Nd5 Nxd5 13. cxd5 Nb4 14. Bb1 a5 15. a3 Na6 16. Bd3 b6 17. Bb5+ Bd7 18. Bxd7+ Qxd7 19. Bxb6 a4 20. Nd2 Rb8 21. Nc4 O-O 22. Be3 Rfc8 23. Nb6 Rxc1 24. Qxc1 Qb5 25. Qc6 Qxc6 26. dxc6 Bd8 27. Nxa4 Rc8 28. b4 Nc7 29. Nb6 Rb8 30. a4 Ne6 31. Nd5 Bc7 32. b5 1-0

[Event "45th FIDE Womens Olympiad 2024"]
[Site "Budapest"]
[Date "2024.09.12"]
[Round "2.226"]
[White "Shariff, Sasha Christina"]
[Black "Hamouri, Taqwa"]
[Result "0-1"]
[ECO "C01"]
[WhiteElo "1538"]
[BlackElo "1845"]
[Annotator "NA"]
[PlyCount "68"]
[EventDate "2024.09.05"]
[EventType "team-tourn"]
[EventCountry "HUN"]
[SourceTitle "playchess.com"]
[Source "ChessBase"]
[SourceQuality "1"]
[WhiteTeam "Guyana"]
[BlackTeam "Palestine"]
[WhiteTeamCountry "GUY"]
[BlackTeamCountry "PLE"]
[TimeControl "40/5400+30:1800+30"]

1. e4 e6 2. d4 d5 3. exd5 exd5 4. Nc3 c6 5. a4 Bd6 6. Nf3 Ne7 7. Bd3 Qc7 8. Be3 f6 9. Ne2 Be6 10. Rc1 Nd7 11. c4 dxc4 12. Bxc4 Bxc4 13. Rxc4 Nb6 14. Rc1 Nbd5 15. Bd2 g5 16. O-O g4 17. Ne1 Bxh2+ 18. Kh1 Bd6 19. Nc3 Qd7 20. Ne4 Bc7 21. Nc5 Qf5 22. Kg1 Qh5 23. g3 Qg6 24. Qe2 h5 25. Ng2 O-O-O 26. Qe6+ Kb8 27. Nh4 Qg7 28. Nf5 Nxf5 29. Qxf5 Ne7 30. Nd7+ Kc8 31. Qxf6 Qxf6 32. Nxf6 h4 33. Nxg4 hxg3 34. fxg3 Rhg8 0-1

[Event "45th FIDE Womens Olympiad 2024"]
[Site "Budapest"]
[Date "2024.09.12"]
[Round "2.227"]
[White "Faqeeh, Yara"]
[Black "Joshi, Aditi Narayan"]
[Result "0-1"]
[ECO "D02"]
[WhiteElo "1671"]
[BlackElo "1546"]
[Annotator "NA"]
[PlyCount "122"]
[EventDate "2024.09.05"]
[EventType "team-tourn"]
[EventCountry "HUN"]
[SourceTitle "playchess.com"]
[Source "ChessBase"]
[SourceQuality "1"]
[WhiteTeam "Palestine"]
[BlackTeam "Guyana"]
[WhiteTeamCountry "PLE"]
[BlackTeamCountry "GUY"]
[TimeControl "40/5400+30:1800+30"]

1. d4 Nf6 2. Bf4 d5 3. Nf3 c5 4. e3 Qb6 5. Qc1 Bg4 6. Ne5 cxd4 7. exd4 Qxd4 8. Nc3 a6 9. Bd3 Nc6 10. Nxg4 Nxg4 11. O-O e5 12. Bg3 e4 13. Be2 Nf6 14. a3 Rd8 15. Rd1 Qb6 16. b4 Nd4 17. Be5 Nxe2+ 18. Nxe2 Ng4 19. Bd4 Qc7 20. h3 Ne5 21. Qe3 Be7 22. Bb6 Qc4 23. Bxd8 Bxd8 24. Nc3 Bg5 25. Qd4 Bf6 26. Qxc4 Nxc4 27. Nxd5 Bxa1 28. Rxa1 Kd7 29. a4 Re8 30. a5 Kc6 31. Rd1 Re5 32. Nc3 f5 33. Ne2 Rd5 34. Nd4+ Kd7 35. c3 g6 36. Kf1 Kd6 37. Ke2 Nb2 38. Rd2 Nc4 39. Rd1 Nb2 40. Rc1 Na4 41. Rc2 Nxc3+ 42. Rxc3 Rxd4 43. Rb3 Kd5 44. Ke3 Kc4 45. Rb1 Rd3+ 46. Kf4 Rb3 47. Rc1+ Kxb4 48. Rc7 Kxa5 49. Rxh7 Rb2 50. Ke3 b5 51. Rg7 f4+ 52. Kxe4 Rxf2 53. Rxg6 b4 54. h4 b3 55. Rg8 b2 56. Rb8 Ka4 57. h5 Rxg2 58. Kxf4 Ka3 59. h6 Rh2 60. Kg5 Ka2 61. Rb4 b1=Q 0-1

[Event "45th FIDE Womens Olympiad 2024"]
[Site "Budapest"]
[Date "2024.09.12"]
[Round "2.228"]
[White "Clement, Ciel Desiree"]
[Black "Natsheh, Wajd"]
[Result "0-1"]
[ECO "B22"]
[WhiteElo "1460"]
[BlackElo "1739"]
[Annotator "NA"]
[PlyCount "58"]
[EventDate "2024.09.05"]
[EventType "team-tourn"]
[EventCountry "HUN"]
[SourceTitle "playchess.com"]
[Source "ChessBase"]
[SourceQuality "1"]
[WhiteTeam "Guyana"]
[BlackTeam "Palestine"]
[WhiteTeamCountry "GUY"]
[BlackTeamCountry "PLE"]
[TimeControl "40/5400+30:1800+30"]

1. e4 c5 2. Nf3 e6 3. c3 d5 4. exd5 exd5 5. d4 Nc6 6. Be3 c4 7. Nbd2 Bd6 8. b3 b5 9. a4 b4 10. cxb4 c3 11. Nb1 Bxb4 12. Qc1 c2+ 13. Nbd2 Bf5 14. Bb5 Nge7 15. Ne5 Rc8 16. Nd3 O-O 17. Ra2 Bxd3 18. Bxd3 Na5 19. Bxc2 Nf5 20. O-O Nxe3 21. fxe3 Qg5 22. Nf3 Qh6 23. Kf2 Rfe8 24. Rd1 Nxb3 25. Qb1 Qxe3+ 26. Kf1 Na5 27. Qxb4 Qe2+ 28. Kg1 Rxc2 29. Re1 Qxg2# 0-1

[Event "45th FIDE Womens Olympiad 2024"]
[Site "Budapest"]
[Date "2024.09.12"]
[Round "2.229"]
[White "Ahmed, Najla"]
[Black "Park, Sunwoo"]
[Result "0-1"]
[ECO "B24"]
[WhiteElo "1539"]
[BlackElo "1877"]
[Annotator "NA"]
[PlyCount "142"]
[EventDate "2024.09.05"]
[EventType "team-tourn"]
[EventCountry "HUN"]
[SourceTitle "playchess.com"]
[Source "ChessBase"]
[SourceQuality "1"]
[WhiteTeam "Bahrain"]
[BlackTeam "South Korea"]
[WhiteTeamCountry "BRN"]
[BlackTeamCountry "KOR"]
[TimeControl "40/5400+30:1800+30"]

1. e4 c5 2. Nc3 Nc6 3. Nge2 g6 4. g3 Bg7 5. Bg2 Nf6 6. d3 a6 7. Be3 d6 8. h3 O-O 9. Qd2 Re8 10. f4 e6 11. g4 Nd7 12. h4 Nd4 13. h5 Qa5 14. hxg6 fxg6 15. f5 Ne5 16. Bxd4 cxd4 17. Nxd4 Nxg4 18. Nb3 Qe5 19. O-O-O exf5 20. exf5 Bxf5 21. Bd5+ Kh8 22. Bxb7 Ra7 23. Bf3 Rae7 24. Bxg4 Bxg4 25. Rdg1 Bh5 26. Kb1 d5 27. d4 Qd6 28. Qg5 Bf3 29. Rh3 Re1+ 30. Rxe1 Rxe1+ 31. Nc1 Bh5 32. Qh4 Rf1 33. Qg5 Bf6 34. Qe3 Kg7 35. a3 h6 36. N3a2 Bg5 37. Qd3 Qf4 38. Qxa6 Rxc1+ 39. Nxc1 Qxc1+ 40. Ka2 Qf4 41. Qb7+ Qf7 42. Qxf7+ Kxf7 43. Rc3 Be2 44. Rh3 h5 45. Rh2 Bd1 46. Kb3 Bf4 47. Rf2 g5 48. Kb4 h4 49. Kc5 Ke6 50. a4 h3 51. Kb6 Be3 52. Rh2 Bxd4+ 53. Kb7 Bg4 54. c3 Be5 55. Rf2 h2 56. Rf1 Bf3 57. a5 h1=Q 58. Rxh1 Bxh1 59. Kc8 d4 60. cxd4 Bxd4 61. b4 Kd6 62. b5 Bc3 63. b6 Bxa5 64. b7 Bxb7+ 65. Kxb7 g4 66. Ka8 g3 67. Kb7 g2 68. Kc8 g1=Q 69. Kb8 Qb6+ 70. Ka8 Qa6+ 71. Kb8 Bc7# 0-1

[Event "45th FIDE Womens Olympiad 2024"]
[Site "Budapest"]
[Date "2024.09.12"]
[Round "2.230"]
[White "Khan, Anastasia"]
[Black "Almusawi, Maram"]
[Result "1-0"]
[ECO "A48"]
[WhiteElo "1859"]
[BlackElo "1510"]
[Annotator "NA"]
[PlyCount "61"]
[EventDate "2024.09.05"]
[EventType "team-tourn"]
[EventCountry "HUN"]
[SourceTitle "playchess.com"]
[Source "ChessBase"]
[SourceQuality "1"]
[WhiteTeam "South Korea"]
[BlackTeam "Bahrain"]
[WhiteTeamCountry "KOR"]
[BlackTeamCountry "BRN"]
[TimeControl "40/5400+30:1800+30"]

1. d4 Nf6 2. Bf4 g6 3. e3 Bg7 4. Nf3 O-O 5. Nbd2 d5 6. c4 c6 7. Bd3 Bg4 8. Qb3 Qb6 9. c5 Qxb3 10. axb3 Nbd7 11. b4 b6 12. h3 Bxf3 13. Nxf3 Rfe8 14. Ba6 e5 15. Bxe5 Nxe5 16. Nxe5 Re6 17. Bb7 Rb8 18. Bxc6 bxc5 19. bxc5 Rxb2 20. O-O Re7 21. Rfb1 Rxb1+ 22. Rxb1 a5 23. Rb8+ Bf8 24. Ra8 Rc7 25. Rxa5 Kg7 26. Ra8 Be7 27. f3 h5 28. g4 hxg4 29. hxg4 Nh7 30. Bxd5 Bf6 31. Nxf7 1-0

[Event "45th FIDE Womens Olympiad 2024"]
[Site "Budapest"]
[Date "2024.09.12"]
[Round "2.231"]
[White "Sharaf, Hawra"]
[Black "Cho, Yeonhee"]
[Result "1-0"]
[ECO "C26"]
[WhiteElo "1595"]
[BlackElo "1696"]
[Annotator "NA"]
[PlyCount "91"]
[EventDate "2024.09.05"]
[EventType "team-tourn"]
[EventCountry "HUN"]
[SourceTitle "playchess.com"]
[Source "ChessBase"]
[SourceQuality "1"]
[WhiteTeam "Bahrain"]
[BlackTeam "South Korea"]
[WhiteTeamCountry "BRN"]
[BlackTeamCountry "KOR"]
[TimeControl "40/5400+30:1800+30"]

1. e4 e5 2. Nc3 Nf6 3. g3 Bc5 4. Bg2 d6 5. Nge2 Nc6 6. O-O a6 7. Kh1 Ng4 8. Kg1 h5 9. h3 h4 10. d4 Nxd4 11. b4 Ba7 12. Be3 Nxe3 13. fxe3 Ne6 14. g4 Bxe3+ 15. Kh1 Ng5 16. Qd3 Ba7 17. Nd5 Bd7 18. Ng1 Be6 19. b5 axb5 20. a3 c6 21. Ne3 Bc5 22. Nf3 Bd7 23. Nf5 Bxf5 24. exf5 Qf6 25. Nxg5 Qxg5 26. f6 gxf6 27. c4 bxc4 28. Qxc4 Ke7 29. Rf5 Qe3 30. Raf1 Qd4 31. Qb3 Ra7 32. Rxf6 d5 33. Rxf7+ Ke8 34. Rxb7 Rh7 35. Rb8+ Kd7 36. Rb7+ Ke6 37. Rb8 Rhf7 38. Rd1 Qa4 39. Bxd5+ cxd5 40. Qxd5+ Kf6 41. Rf1+ Kg6 42. Rg8+ Rg7 43. Rc8 Qd4 44. Qe6+ Kh7 45. Qf5+ Rg6 46. Qh5+ 1-0

[Event "45th FIDE Womens Olympiad 2024"]
[Site "Budapest"]
[Date "2024.09.12"]
[Round "2.232"]
[White "Kim, Sarang"]
[Black "Yaqoob, Wafa"]
[Result "1-0"]
[ECO "B28"]
[WhiteElo "1732"]
[BlackElo "1438"]
[Annotator "NA"]
[PlyCount "105"]
[EventDate "2024.09.05"]
[EventType "team-tourn"]
[EventCountry "HUN"]
[SourceTitle "playchess.com"]
[Source "ChessBase"]
[SourceQuality "1"]
[WhiteTeam "South Korea"]
[BlackTeam "Bahrain"]
[BlackTeamCountry "BRN"]
[TimeControl "40/5400+30:1800+30"]

1. e4 c5 2. Nf3 a6 3. c3 d5 4. exd5 Qxd5 5. d4 Nf6 6. Be2 e6 7. O-O Nc6 8. Na3 cxd4 9. Nc4 dxc3 10. Nb6 Qxd1 11. Rxd1 cxb2 12. Nxa8 bxc1=Q 13. Raxc1 Nd5 14. Ne5 Ba3 15. Rc2 O-O 16. Nc4 Bc5 17. Na5 Ba7 18. Nxc6 bxc6 19. Rb1 c5 20. Bc4 Rd8 21. Rd2 Rd7 22. Bxd5 exd5 23. Re1 Rd8 24. Rxd5 Rf8 25. Rd2 Be6 26. Nc7 Bb6 27. Nxe6 fxe6 28. Rxe6 Rb8 29. Rb2 Rd8 30. g3 Ba5 31. Rb7 Bc3 32. Rxa6 Bd4 33. Rab6 c4 34. Rb4 c3 35. Rb8 Rxb8 36. Rxb8+ Kf7 37. Kf1 Ke6 38. Ke2 Kd5 39. f3 Kc4 40. Rc8+ Kb4 41. Kd3 Bf6 42. Rc4+ Ka3 43. Rxc3+ Bxc3 44. Kxc3 Kxa2 45. Kd4 Kb3 46. Ke5 Kc3 47. h4 Kd3 48. h5 g6 49. f4 Ke3 50. g4 Kf3 51. f5 gxf5 52. gxf5 Kg4 53. f6 1-0

[Event "45th FIDE Womens Olympiad 2024"]
[Site "Budapest"]
[Date "2024.09.12"]
[Round "2.233"]
[White "Viana, Valeria"]
[Black "Ebrahim, Zahabiyah"]
[Result "1-0"]
[ECO "B15"]
[WhiteElo "1882"]
[BlackElo "1475"]
[Annotator "NA"]
[PlyCount "85"]
[EventDate "2024.09.05"]
[EventType "team-tourn"]
[EventCountry "HUN"]
[SourceTitle "playchess.com"]
[Source "ChessBase"]
[SourceQuality "1"]
[WhiteTeam "Honduras"]
[BlackTeam "Tanzania"]
[WhiteTeamCountry "HON"]
[BlackTeamCountry "TAN"]
[TimeControl "40/5400+30:1800+30"]

1. e4 c6 2. d4 d5 3. Nc3 dxe4 4. Nxe4 Nf6 5. Nxf6+ exf6 6. c3 Bd6 7. Bd3 O-O 8. Qc2 Re8+ 9. Ne2 h6 10. Bd2 Nd7 11. O-O-O Nf8 12. Ng3 Be6 13. Kb1 b5 14. Rhe1 a5 15. Nf5 b4 16. Qa4 Qc7 17. h3 Reb8 18. c4 c5 19. Nxd6 Qxd6 20. d5 Bd7 21. Qc2 a4 22. Qc1 Ng6 23. Bxg6 fxg6 24. Bf4 Bf5+ 25. Ka1 Qa6 26. Bxb8 Rxb8 27. g4 Bd7 28. Re7 Qd6 29. Rde1 Rd8 30. Qe3 Kh7 31. f3 f5 32. Qe5 Qxe5 33. R1xe5 f4 34. Rf7 g5 35. Ree7 Be8 36. Rxg7+ Kh8 37. Rh7+ Kg8 38. Rxh6 Kf8 39. Re5 Kf7 40. Rxg5 Bd7 41. Re5 Kg7 42. Rd6 Kf7 43. h4 1-0